 Dungeon Crawl Stone Soup version 0.17-a0-1716-gdf19ebb (webtiles) character file.

30 MasterCK the Skirmisher (level 3, -3/29 HPs)
             Began as a Demonspawn Abyssal Knight on Aug 23, 2015.
             Was a Follower of Lugonu.
             Slain by a gnoll
             ... wielding a +0 spear
              (5 damage)
             ... on level 2 of the Dungeon.
             The game lasted 00:11:11 (1565 turns).

MasterCK the Skirmisher (Demonspawn Abyssal Knight) Turns: 1565, Time: 00:11:11

Health: -3/29      AC:  5    Str: 13      XL:     3   Next: 5%
Magic:  5/5        EV:  5    Int: 10 (13) God:    Lugonu [*.....]
Gold:   51         SH:  0    Dex: 12      Spells: 0 memorised, 2 levels left

rFire  . . .     SeeInvis .     a - +1 falchion {Demonclaw}
rCold  . . .     Clarity  .     e - +0 ring mail
rNeg   . . .     SustAt   .     (no shield)
rPois  +         Gourm    .     (no helmet)
rElec  .         Spirit   .     (no cloak)
rCorr  .         Warding  .     (no gloves)
rMut   .         Stasis   .     (no boots)
MR     .....                    (no amulet)
Stlth  +.........               (no ring)
                                h - ring of poison resistance

@: not resistant to hostile enchantments, very unstealthy
A: claws 2
a: Depart the Abyss, Renounce Religion


You were on level 2 of the Dungeon.
You worshipped Lugonu.
Lugonu was aware of your devotion.
You were not hungry.

You visited 1 branch of the dungeon, and saw 2 of its levels.
You visited the Abyss 1 time.

You collected 51 gold pieces.

Inventory:

Hand weapons
 a - a +1 falchion (weapon) {Demonclaw}
 g - a +0 hunting sling
 j - a +0 club
 m - a +0 short sword
Missiles
 f - 21 stones (quivered)
 k - 30 sling bullets
Armour
 b - a +0 leather armour
 e - a +0 ring mail (worn)
 l - a +0 robe
Jewellery
 h - a ring of poison resistance (left claw)
Comestibles
 c - a bread ration


   Skills:
 + Level 3.3 Fighting
 + Level 2.0 Long Blades
 + Level 2.1 Armour
 + Level 1.1 Dodging
 + Level 3.3 Invocations


You had 2 spell levels left.
You didn't know any spells.

Dungeon Overview and Level Annotations

Branches:
Dungeon (2/15)

Altars:
Nemelex Xobeh


Innate Abilities, Weirdness & Mutations

You have very sharp fingernails.


Message History

You hit the gnoll.
The gnoll is moderately wounded.
The gnoll hits you with a spear. The gnoll hits you but does no damage.
You slash the gnoll!
The gnoll is almost dead.
The gnoll hits you with a spear. The gnoll barely misses you.
You barely miss the gnoll.
The gnoll is almost dead.
The gnoll closely misses you. The gnoll barely misses you.
You closely miss the gnoll.
The gnoll is almost dead.
The gnoll hits you but does no damage.
The gnoll hits you from afar with a halberd!
You barely miss the gnoll.
The gnoll is almost dead.
The gnoll barely misses you.
The gnoll hits you from afar with a halberd!
* * * LOW HITPOINT WARNING * * *
The gnoll hits you with a spear.
You die...

##########
#.....gg@#
########.########
#..........#
#.######.#.# #...
...#g#
#..#######g# #...
#.# ###.#######.#
........g...#


You could see 2 gnolls.

Vanquished Creatures
  An adder (D:2)
  A worm (D:2)
  4 giant cockroaches (D:1)
  2 hobgoblins (D:1)
  A kobold (D:1)
  3 giant newts (D:1)
  2 goblins (D:1)
  4 rats (D:1)
18 creatures vanquished.

Notes
Turn   | Place    | Note
--------------------------------------------------------------
     0 | Abyss:1  | MasterCK the Demonspawn Abyssal Knight began the quest for the Orb.
     0 | Abyss:1  | Reached XP level 1. HP: 18/18 MP: 2/2
    19 | Abyss:1  | Found a corrupted altar of Lugonu.
    63 | Abyss:1  | Noticed a small abomination
    69 | D:1      | Escaped the Abyss
   548 | D:1      | Gained mutation: You have sharp fingernails. [demonic ancestry]
   548 | D:1      | Reached XP level 2. HP: 24/24 MP: 2/4
   600 | D:1      | Acquired Lugonu's first power
   728 | D:1      | Found a sparkling altar of Nemelex Xobeh.
  1141 | D:2      | Reached skill level 1 in Dodging
  1218 | D:2      | Gained mutation: You have very sharp fingernails. [demonic ancestry]
  1218 | D:2      | Reached XP level 3. HP: 24/29 MP: 5/5
  1565 | D:2      | Slain by a gnoll

Vault maps used:
D:1:      dpeg_arrival_erosion, nemelex_deck
D:2:      lemuel_coloured_pillars_altar, first_bread

Action                   || total
-------------------------++-------
Melee: Falchion          ||    68
Throw: Stone             ||     2
Invok: Depart the Abyss  ||     1
Evoke: Deck              ||     5
  Use: Potion            ||     3
       Scroll            ||     2
  Eat: Chunk             ||     1
       Meat ration       ||     1
